 Dungeon Crawl Stone Soup version 0.21.1-1-g345015f (webtiles) character file.

898 Kagorn the Ruffian (level 7, -7/102 HPs)
             Began as a Troll Berserker on June 9, 2018.
             Was a Priest of Trog.
             Mangled by Duvessa
             ... wielding a +3 short sword of freezing
              (15 damage)
             ... on level 4 of the Dungeon.
             The game lasted 00:35:05 (3680 turns).

Kagorn the Ruffian (Troll Berserker)                Turns: 3680, Time: 00:35:06

Health: -7/102     AC:  1    Str: 36    XL:     7   Next: 79%
Magic:  6/6        EV: 12    Int:  3    God:    Trog [***...]
Gold:   226        SH:  0    Dex: 15    Spells: 6/6 levels left

rFire    . . .     SeeInvis .     - Unarmed
rCold    . . .     Gourm    +   (no shield)
rNeg     . . .     Faith    .   q - +0 robe of Shadows and Fog {*Corrode rPois Str+5}
rPois    +         Spirit   .   (helmet restricted)
rElec    .         Reflect  .   (no cloak)
rCorr    .         Harm     .   (gloves unavailable)
MR       ++...                  (boots unavailable)
Stlth    ..........             k - amulet of regeneration
HPRegen  2.07/turn              g - +4 ring of dexterity
MPRegen  0.10/turn              (no ring)

@: berserking (expiring), corroded, regenerating, very quick
A: large, unfitting armour, claws 3, fast metabolism 3, gourmand, regeneration
1, shaggy fur 1, tough skin 2
a: Berserk, Trog's Hand, Burn Spellbooks, Renounce Religion


You were on level 4 of the Dungeon.
You worshipped Trog.
Trog was most pleased with you.
You were full.

You visited 1 branch of the dungeon, and saw 5 of its levels.

You collected 226 gold pieces.

Inventory:

Hand Weapons
 s - a +3 flail
Armour
 l - a +1 robe
 q - the +0 robe of Shadows and Fog (worn) {*Corrode rPois Str+5}
   (You found it on level 5 of the Dungeon)

   It affects your strength (+5).
   It protects you from poison.
   It may corrode you when you take damage.
Jewellery
 f - an uncursed amulet of harm
 g - a +4 ring of dexterity (left claw)
 k - an amulet of regeneration (around neck)
Wands
 j - a wand of acid (7)
 p - a wand of iceblast (8)
 u - a wand of paralysis (10)
Scrolls
 c - a scroll of magic mapping
 d - 2 scrolls of teleportation
 e - a scroll of blinking {unknown}
 m - a scroll of enchant weapon
 o - a scroll of enchant armour
 r - 4 scrolls of identify
Potions
 a - 4 potions of curing
 h - a potion of heal wounds
 i - 2 potions of lignification
 n - a potion of flight {unknown}
Books
 v - a book of Cantrips

   Spells                             Type                      Level
   a - Confusing Touch                Hexes                        1
   b - Animate Skeleton               Necromancy                   1
   c - Summon Small Mammal            Summoning                    1
   d - Apportation                    Translocation                1
   Trog disapproves of the use of such an item.
Comestibles
 b - 9 rations


   Skills:
 * Level 3.6 Fighting
 + Level 4.3 Dodging
 * Level 2.1 Stealth
 + Level 6.6 Unarmed Combat


You had 6 spell levels left.
You didn't know any spells.

Dungeon Overview and Level Annotations

Branches:
Dungeon (5/15)             Temple (0/1) D:5

Altars:
Hepliaklqana
Ru

Annotations:
D:4 Duvessa, Eustachio


Innate Abilities, Weirdness & Mutations

You are too large for most types of armour.
You have claws for hands.
Your metabolism is lightning-fast.
You like to eat raw meat.
Your natural rate of healing is unusually fast.
You are covered in fur. (AC +1)
You have very tough skin. (AC +2)


Message History

Duvessa freezes you!
You claw Duvessa!
Duvessa is moderately wounded.
Duvessa hits you with a short sword of freezing!
Duvessa freezes you.
Your corrosive artefact corrodes you!
You scratch Duvessa.
Duvessa is moderately wounded.
Duvessa hits you with a short sword of freezing!!
* * * LOW HITPOINT WARNING * * *
Duvessa freezes you!
* * * LOW HITPOINT WARNING * * *
Unknown command.
You are too berserk!
You barely miss Duvessa.
Duvessa is moderately wounded.
Duvessa closely misses you.
You mangle Duvessa!!
Duvessa is severely wounded.
Duvessa hits you with a short sword of freezing!
You die...

.####.##.....##........
.......#.#.#.#.........
..###....#.# ..........
..# #.#....###........
..# #.##............
..###....#.###..†#
........##..##...#
..>.#...........e##
..#............)@.#
..###...#####.....# ..#
#...# ##.[..# ### #...#
###### #####


You could see Duvessa (berserk).

Vanquished Creatures
  Grinder (D:4)
  The ghost of Ethylacetat the Insei, an amateur DsCK of Xom (D:3)
  A centaur (D:5)
  Dowan (D:4)
  A howler monkey (D:5)
  A crimson imp (D:5)
  2 hounds
  2 orc priests (D:5)
  An orc wizard (D:3)
  2 worker ants (D:5)
  An iguana (D:5)
  6 adders
  A gnoll (D:1)
  A shadow imp (D:4)
  2 oozes
  An adder skeleton (D:4)
  2 worms (D:2)
  A dart slug (D:2)
  2 leopard geckos
  12 orcs
  4 ball pythons
  4 bats
  7 giant cockroaches
  8 goblins
  9 hobgoblins
  8 jackals
  2 quokkas
  4 frilled lizards
  A giant cockroach zombie (D:5)
  8 kobolds
  17 rats
114 creatures vanquished.

Notes
Turn   | Place    | Note
-------+----------+-------------------------------------------
     0 | D:1      | Kagorn the Troll Berserker began the quest for the Orb.
     0 | D:1      | Reached XP level 1. HP: 22/22 MP: 0/0
   157 | D:1      | Reached XP level 2. HP: 29/29 MP: 1/1
   331 | D:1      | You fall through a shaft!
   358 | D:2      | Found a hazy altar of Hepliaklqana.
   391 | D:2      | Reached XP level 3. HP: 33/36 MP: 2/2
   525 | D:1      | Reached ** piety under Trog
  1039 | D:1      | Found a sacrificial altar of Ru.
  1161 | D:2      | Reached XP level 4. HP: 36/44 MP: 3/3
  1333 | D:2      | Reached skill level 4 in Unarmed Combat
  1785 | D:3      | Reached skill level 1 in Stealth
  1854 | D:3      | Noticed Ethylacetat's ghost (amateur DsCK)
  1865 | D:3      | Killed Ethylacetat's ghost
  1865 | D:3      | Reached XP level 5. HP: 52/52 MP: 4/4
  2032 | D:3      | Reached skill level 5 in Unarmed Combat
  2213 | D:4      | Reached XP level 6. HP: 59/59 MP: 5/5
  2303 | D:4      | Noticed Eustachio
  2447 | D:4      | Noticed Grinder
  2448 | D:4      | Paralysed by Grinder for 7 turns
  2468 | D:4      | Paralysed by Grinder for 6 turns
  2479 | D:4      | Paralysed by Grinder for 6 turns
  2490 | D:4      | Killed Grinder
  2585 | D:5      | Entered Level 5 of the Dungeon
  2643 | D:5      | Reached XP level 7. HP: 58/67 MP: 6/6
  2769 | D:5      | Reached *** piety under Trog
  2774 | D:5      | Reached skill level 6 in Unarmed Combat
  2836 | D:5      | Found a staircase to the Ecumenical Temple.
  3065 | D:5      | Got a smoking robe
  3066 | D:5      | Identified the +0 robe of Shadows and Fog {*Corrode rPois Str+5} (You found it on level 5 of the Dungeon)
  3655 | D:4      | Noticed Dowan
  3660 | D:4      | Noticed Duvessa
  3672 | D:4      | Killed Dowan
  3678 | D:4      | HP: 5/102 [Duvessa/short sword of freezing (8)]
  3680 | D:4      | Mangled by Duvessa

Skill      XL: |  1  2  3  4  5  6  7 |
---------------+----------------------+-----
Dodging        | 3 4 |  4.3
Unarmed Combat | 4 5 6 |  6.6
Stealth        | 1 2 |  2.1
Fighting       | 3 |  3.6

Action                   |  1- 3 |  4- 6 |  7- 9 || total
-------------------------+-------+-------+-------++-------
Melee: Unarmed           |   118 |   149 |    94 ||   361
       Punch             |     2 |     2 |     1 ||     5
Invok: Berserk           |       |     3 |     1 ||     4
       Trog's Hand       |       |     3 |     1 ||     4
  Use: Scroll            |       |     9 |     2 ||    11
       Potion            |       |     4 |       ||     4
 Stab: Sleeping          |     1 |     2 |     1 ||     4
  Eat: Chunk             |    14 |    19 |     8 ||    41
Armor: Animal skin       |    38 |    23 |       ||    61
       Robe              |       |    76 |    25 ||   101
Dodge: Dodged            |    59 |   109 |    48 ||   216
